 Dungeon Crawl Stone Soup version 0.21.1-1-g345015fe64 (webtiles) character file.

218 ferdninand226 the Shield-Bearer (level 5, -8/33 HPs)
             Began as a Gargoyle Fighter on May 9, 2018.
             Mangled by Sigmund
             ... wielding a +0 scythe
              (10 damage)
             ... on level 2 of the Dungeon.
             The game lasted 00:14:44 (2573 turns).

ferdninand226 the Shield-Bearer (Gargoyle Fighter)  Turns: 2573, Time: 00:14:45

Health: -8/33      AC:  0    Str: 21    XL:     5   Next: 95%
Magic:  5/5        EV: 17    Int:  8    God:
Gold:   91         SH:  0    Dex: 14    Spells: 4/4 levels left

rFire    . . .     SeeInvis .   (weapon currently unavailable)
rCold    . . .     Gourm    .   (shield currently unavailable)
rNeg     + . .     Faith    .   (armour currently unavailable)
rPois    ∞         Spirit   .   (helmet currently unavailable)
rElec    .         Reflect  .   (cloak currently unavailable)
rCorr    .         Harm     .   (gloves currently unavailable)
MR       .....                  (boots currently unavailable)
Stlth    +.........             (no amulet)
HPRegen  0.11/turn              (ring currently unavailable)
MPRegen  0.09/turn              (ring currently unavailable)

@: bat-form, flying, very quick
A: tiny, negative energy resistance 1, petrification resistance, rot immunity,
AC +4
a: no special abilities


You were on level 2 of the Dungeon.
You were hungry.
You were in bat-form.
You visited 1 branch of the dungeon, and saw 3 of its levels.

You collected 91 gold pieces.

Inventory:

Hand Weapons
 a - a +0 flail (melded)
Armour
 b - a +0 scale mail
 c - a +0 shield (melded)
 v - a +3 ring mail of poison resistance (melded)
Scrolls
 g - 4 scrolls of noise
 j - a scroll of identify
 r - 3 scrolls of teleportation
Potions
 d - a potion of might
Comestibles
 f - 4 rations


   Skills:
 + Level 3.9 Fighting
 + Level 3.7 Maces & Flails
 + Level 4.5 Armour
 + Level 0.4 Dodging
 + Level 4.6 Shields


You had 4 spell levels left.
You didn't know any spells.

Dungeon Overview and Level Annotations

Branches:
Dungeon (3/15)

Altars:
Sif Muna

Annotations:
D:2 Sigmund


Innate Abilities, Weirdness & Mutations

You are resistant to torment.
((Your stone body is resilient. (AC +4)))
You are immune to poison.
You resist negative energy. (rN+)
((You are resistant to electric shocks. (rElec)))
((You can survive without breathing.))
You are immune to petrification.
You are immune to rotting.


Message History

You hear some strange, mumbled words.
You are confused.
You closely miss something.
You hear a zap.
You're too confused to move!
You hear a zap.
Something barely misses you.
You bump into the rock wall.
Something hits you but does no damage.
You're too confused to move!
You feel less confused. Something barely misses you. Something hits you!
Something hits you.
You closely miss something. You barely miss something.
You hear a zap.
Something hits you!
* * * LOW HITPOINT WARNING * * *
Something hits you!
You die...

#.##.............(.##.#.#
####.#
#.##.##..####.#.......#.# #.#
#.##.##..####.#########.# #.#
#.............# #.......# #..
####.########## #.#####.##
### #.# ######.####...# # #.#
##...##.##.....# #
#.######.....#.##.....#######
#....##.....b<.##..#..#......
#....##...{..................
##...##.....>.######.##......
##.####.....## #.########
#.#.......## #.# #
#.#.####.## #.# # #......#.#
#.# #
###.##.#.#########.########
#.##.#........##.#.......


There were no monsters in sight!

Vanquished Creatures
  Jessica (D:2)
  2 worker ants
  An orc wizard (D:3)
  A gnoll (D:1)
  3 adders
  2 worms
  A leopard gecko (D:3)
  6 orcs
  13 bats
  7 giant cockroaches
  8 goblins
  4 hobgoblins
  A quokka (D:2)
  2 ball pythons
  8 frilled lizards
  7 kobolds
  6 rats
73 creatures vanquished.

Notes
Turn   | Place    | Note
-------+----------+-------------------------------------------
     0 | D:1      | ferdninand226 the Gargoyle Fighter began the quest for the Orb.
     0 | D:1      | Reached XP level 1. HP: 14/14 MP: 1/1
    98 | D:1      | Reached XP level 2. HP: 11/19 MP: 2/2
   428 | D:1      | Reached XP level 3. HP: 22/23 MP: 3/3
   799 | D:2      | Noticed Jessica
   805 | D:2      | Killed Jessica
   805 | D:2      | Reached XP level 4. HP: 29/29 MP: 4/4
   972 | D:2      | Noticed Sigmund
  1061 | D:2      | Reached XP level 5. HP: 23/33 MP: 5/5
  1972 | D:3      | Found a faded altar of an unknown god.
  2352 | D:3      | Found a deep blue altar of Sif Muna.
  2573 | D:2      | Mangled by Sigmund

Skill      XL: |  1  2  3  4 |
---------------+-------------+-----
Maces & Flails | 3 |  3.7
Shields        | 4 |  4.6
Armour         | 4 |  4.5
Fighting       | |  3.9
Dodging        | |  0.4

Action                   |  1- 3 |  4- 6 || total
-------------------------+-------+-------++-------
Melee: Flail             |   155 |   170 ||   325
       Unarmed           |       |     7 ||     7
  Use: Scroll            |       |     8 ||     8
       Potion            |       |     8 ||     8
  Eat: Chunk             |       |     2 ||     2
       Ration            |       |     1 ||     1
Armor: Scale mail        |    97 |   106 ||   203
Dodge: Dodged            |    65 |    79 ||   144
Block: Shield            |    88 |   113 ||   201
